cohdb
Replays
Latest Replays
All Replays
Popular Replays
Top Player Replays
Match Explorer
How It Works
Community
CoH3 Stats
Reddit
Sign in to upload your games and track your stats! →
Sign in with Steam
Match 38771821
Unlisted
Match 38771821
Overview
Messages
Build Orders
End
Royal Engineer Section
Construct Section Command Post
Infantry Section
Infantry Section
Vickers Machine Gun Team
Selects Indian Artillery Battlegroup
Construct Platoon Command Post
Selects Towed ML 4.2-inch Heavy Mortar
Selects Valour
Humber Armored Car
Infantry Section
Infantry Section
Selects Gurkha Rifles Section
Construct Field Infirmary
Construct Company Command Post
Selects Volunteer Infantry
Crusader II Medium Tank
Grenade Package
Selects Off-map Airburst Barrage
Crusader II Medium Tank
BIOHAZARD
ErRo
0
0
Comments
sign in to comment!
No comments posted yet!